TOP OF THE 1ST |
Fort Collins Commoners batting - Pitching for Santa Anna Dukes : RHP Troy Perkins
|
Pitching: RHP Troy Perkins
|
|
Batting: RHB Art Cornell
|
0-0: Ball 1-0: Ball 2-0: Ball 3-0: Called Strike 3-1: Fly out, F7 (Flyball, 78XD)
|
Batting: RHB Nick McIntyre
|
0-0: Ball 1-0: Foul Ball, location: 2F 1-1: Swinging Strike 1-2: Strikes out swinging
|
Batting: RHB Jonathan Jackson
|
0-0: Fly out, F9 (Line Drive, 89M)
|
Top of the 1st over - 0 run(s), 0 hit(s), 0 error(s), 0 left on base; Fort Collins 0 - Santa Anna 0 |
BOTTOM OF THE 1ST |
Santa Anna Dukes batting - Pitching for Fort Collins Commoners : RHP Jorge Sierra
|
Pitching: RHP Jorge Sierra
|
|
Batting: RHB Jesús Velásquez
|
0-0: Called Strike 0-1: Bunt for hit - play at first, batter OUT! 1-3
|
Batting: RHB Amdre Casse
|
0-0: Called Strike 0-1: Swinging Strike 0-2: Strikes out swinging
|
Batting: RHB Alberto Morín
|
0-0: Ball 1-0: Ball 2-0: Foul Ball, location: 2F 2-1: Ground out 1-3 (Groundball, 13S)
|
Bottom of the 1st over - 0 run(s), 0 hit(s), 0 error(s), 0 left on base; Fort Collins 0 - Santa Anna 0 |
TOP OF THE 2ND |
Fort Collins Commoners batting - Pitching for Santa Anna Dukes : RHP Troy Perkins
|
Batting: RHB António Díaz
|
0-0: Ball 1-0: Swinging Strike 1-1: Ground out 5-3 (Groundball, 5)
|
Batting: RHB Terry Collins
|
0-0: Called Strike 0-1: Swinging Strike 0-2: Strikes out swinging
|
Batting: RHB Matt Cole
|
0-0: Ball 1-0: Ball 2-0: Called Strike 2-1: Called Strike 2-2: Ball 3-2: SINGLE (Groundball, 6D)
|
Batting: RHB Edward Green
|
0-0: Ball 1-0: Foul Ball, location: 2F 1-1: Foul Ball, location: 2F 1-2: Foul Ball, location: 2F 1-2: Strikes out swinging
|
Top of the 2nd over - 0 run(s), 1 hit(s), 0 error(s), 1 left on base; Fort Collins 0 - Santa Anna 0 |
BOTTOM OF THE 2ND |
Santa Anna Dukes batting - Pitching for Fort Collins Commoners : RHP Jorge Sierra
|
Batting: SHB Jerry Young
|
0-0: Called Strike 0-1: Called Strike 0-2: Ball 1-2: Ball 2-2: Ball 3-2: Base on Balls
|
Batting: RHB John Hutchins
|
0-0: Called Strike 0-1: Ball 1-1: SINGLE (Line Drive, 56) Jerry Young to second
|
Batting: RHB William Elliott
|
0-0: Ball 1-0: Foul Ball, location: 2F 1-1: Fly out, F8 (Flyball, 78M)
|
Batting: RHB Allen Barlow
|
0-0: Ground out 6-3 (Groundball, 6S) Jerry Young to third John Hutchins to second
|
Batting: RHB Ken Pérez
|
0-0: Ball 1-0: Ball 2-0: Ball 3-0: Called Strike 3-1: Fly out, F9 (Flyball, 89M)
|
Bottom of the 2nd over - 0 run(s), 1 hit(s), 0 error(s), 2 left on base; Fort Collins 0 - Santa Anna 0 |
TOP OF THE 3RD |
Fort Collins Commoners batting - Pitching for Santa Anna Dukes : RHP Troy Perkins
|
Batting: RHB Bobby Doyle
|
0-0: Ball 1-0: Foul Ball, location: 2F 1-1: Fly out, F3 (Flyball, 3DF)
|
Batting: LHB Joe Hanson
|
0-0: Ball 1-0: Ground out U3 (Groundball, 3L)
|
Batting: RHB Art Cornell
|
0-0: Ball 1-0: Ball 2-0: Fly out, F3 (Popup, 3)
|
Top of the 3rd over - 0 run(s), 0 hit(s), 0 error(s), 0 left on base; Fort Collins 0 - Santa Anna 0 |
BOTTOM OF THE 3RD |
Santa Anna Dukes batting - Pitching for Fort Collins Commoners : RHP Jorge Sierra
|
Batting: RHB George Lutz
|
0-0: Foul Ball, location: 2F 0-1: Called Strike 0-2: Strikes out swinging
|
Batting: RHB Jesús Velásquez
|
0-0: Called Strike 0-1: Ball 1-1: Ball 2-1: Bunt for hit - play at first, batter safe!
|
Batting: RHB Amdre Casse
|
0-0: Ball 1-0: Foul Ball, location: 2F 1-1: Foul Ball, location: 2F 1-2: Strikes out swinging
|
Batting: RHB Alberto Morín
|
0-0: Foul Ball, location: 2F 0-1: Ball 1-1: Ground out 4-3 (Groundball, 4M)
|
Bottom of the 3rd over - 0 run(s), 1 hit(s), 0 error(s), 1 left on base; Fort Collins 0 - Santa Anna 0 |
TOP OF THE 4TH |
Fort Collins Commoners batting - Pitching for Santa Anna Dukes : RHP Troy Perkins
|
Batting: RHB Nick McIntyre
|
0-0: Called Strike 0-1: Swinging Strike 0-2: Fly out, F8 (Flyball, 89XD)
|
Batting: RHB Jonathan Jackson
|
0-0: Called Strike 0-1: Ball 1-1: Ball 2-1: Swinging Strike 2-2: Foul Ball, location: 2F 2-2: Strikes out swinging
|
Batting: RHB António Díaz
|
0-0: SINGLE (Groundball, 6MD)
|
Batting: RHB Terry Collins
|
0-0: Called Strike 0-1: Fly out, F7 (Flyball, 7S)
|
Top of the 4th over - 0 run(s), 1 hit(s), 0 error(s), 1 left on base; Fort Collins 0 - Santa Anna 0 |
BOTTOM OF THE 4TH |
Santa Anna Dukes batting - Pitching for Fort Collins Commoners : RHP Jorge Sierra
|
Batting: SHB Jerry Young
|
0-0: Called Strike 0-1: SINGLE (Flyball, 8RS)
|
Batting: RHB John Hutchins
|
0-0: Fly out, F9 (Flyball, 9S)
|
Batting: RHB William Elliott
|
0-0: Called Strike Jerry Young is caught stealing 2nd base 0-1: Called Strike 0-2: Ball 1-2: Ball 2-2: Fly out, F7 (Flyball, 78M)
|
Bottom of the 4th over - 0 run(s), 1 hit(s), 0 error(s), 0 left on base; Fort Collins 0 - Santa Anna 0 |
TOP OF THE 5TH |
Fort Collins Commoners batting - Pitching for Santa Anna Dukes : RHP Troy Perkins
|
Batting: RHB Matt Cole
|
0-0: Fly out, F7 (Flyball, 7LD)
|
Batting: RHB Edward Green
|
0-0: Foul Ball, location: 2F 0-1: Ball 1-1: Foul Ball, location: 2F 1-2: Ball 2-2: Fly out, F7 (Flyball, 78M)
|
Batting: RHB Bobby Doyle
|
0-0: Called Strike 0-1: Foul Ball, location: 2F 0-2: Ball 1-2: Foul Ball, location: 2F 1-2: Strikes out swinging
|
Top of the 5th over - 0 run(s), 0 hit(s), 0 error(s), 0 left on base; Fort Collins 0 - Santa Anna 0 |
BOTTOM OF THE 5TH |
Santa Anna Dukes batting - Pitching for Fort Collins Commoners : RHP Jorge Sierra
|
Batting: RHB Allen Barlow
|
0-0: Foul Ball, location: 2F 0-1: Foul Ball, location: 2F 0-2: Ball 1-2: Foul Ball, location: 2F 1-2: Fly out, F7 (Flyball, 78S)
|
Batting: RHB Ken Pérez
|
0-0: Ground out 4-3 (Groundball, 4)
|
Batting: RHB George Lutz
|
0-0: Ball 1-0: Ball 2-0: Called Strike 2-1: Fly out, F8 (Line Drive, 8RM)
|
Bottom of the 5th over - 0 run(s), 0 hit(s), 0 error(s), 0 left on base; Fort Collins 0 - Santa Anna 0 |
TOP OF THE 6TH |
Fort Collins Commoners batting - Pitching for Santa Anna Dukes : RHP Troy Perkins
|
Batting: LHB Joe Hanson
|
0-0: Ball 1-0: SINGLE (Line Drive, 89S)
|
Batting: RHB Art Cornell
|
0-0: Ball 1-0: Called Strike 1-1: Ball 2-1: Fielders Choice at 2nd, 1-6 (Groundball, P)
|
Batting: RHB Nick McIntyre
|
0-0: Fly out, F9 (Line Drive, 9LD)
|
Batting: RHB Jonathan Jackson
|
0-0: Ball Art Cornell steals 2nd base 1-0: SINGLE (Groundball, 4S) (infield hit) Art Cornell to third
|
Batting: RHB António Díaz
|
0-0: Ball 1-0: Called Strike 1-1: Fielders Choice at 2nd, 6-4 (Groundball, 56D)
|
Top of the 6th over - 0 run(s), 2 hit(s), 0 error(s), 1 left on base; Fort Collins 0 - Santa Anna 0 |
BOTTOM OF THE 6TH |
Santa Anna Dukes batting - Pitching for Fort Collins Commoners : RHP Jorge Sierra
|
Batting: RHB Jesús Velásquez
|
0-0: Ground out 6-3 (Groundball, 6)
|
Batting: RHB Amdre Casse
|
0-0: Ball 1-0: Called Strike 1-1: Ball 2-1: Ball 3-1: Foul Ball, location: 2F 3-2: Base on Balls
|
Batting: RHB Alberto Morín
|
0-0: Ball 1-0: Called Strike 1-1: Ball 2-1: Swinging Strike 2-2: Ball 3-2: SINGLE (Line Drive, 6D) Amdre Casse to second
|
Batting: SHB Jerry Young
|
0-0: Swinging Strike 0-1: DOUBLE (Line Drive, 78D) Amdre Casse scores Alberto Morín to third Runner from 3rd tries for Home, SAFE, no throw
|
Batting: RHB John Hutchins
|
0-0: Intentional Walk
|
Batting: RHB William Elliott
|
0-0: Ball Jerry Young is caught stealing 3rd base John Hutchins to second 1-0: Called Strike 1-1: Foul Ball, location: 2F 1-2: Ball 2-2: Strikes out swinging
|
Bottom of the 6th over - 2 run(s), 2 hit(s), 0 error(s), 1 left on base; Fort Collins 0 - Santa Anna 2 |
TOP OF THE 7TH |
Fort Collins Commoners batting - Pitching for Santa Anna Dukes : RHP Troy Perkins
|
Batting: RHB Terry Collins
|
0-0: Ball 1-0: Swinging Strike 1-1: Foul Ball, location: 2F 1-2: Strikes out looking
|
Batting: RHB Matt Cole
|
0-0: Swinging Strike 0-1: Ball 1-1: Called Strike 1-2: Ball 2-2: Foul Ball, location: 2F 2-2: Ball 3-2: Foul Ball, location: 2F 3-2: SOLO HOME RUN (Flyball, 7D), Distance : 398 ft
|
Pitching: RHP Randy Rivera
|
|
Batting: RHB Edward Green
|
0-0: Ball 1-0: Ball 2-0: Ground out 5-3 (Groundball, 56S)
|
Batting: RHB Bobby Doyle
|
0-0: Ball 1-0: Foul Ball, location: 2F 1-1: Ball 2-1: Foul Ball, location: 2F 2-2: Ball 3-2: Base on Balls
|
Pinch Hitting: RHB Edgardo Morales
|
0-0: Called Strike 0-1: Foul Ball, location: 2F 0-2: Ball Bobby Doyle is caught stealing 2nd base
|
Top of the 7th over - 1 run(s), 1 hit(s), 0 error(s), 0 left on base; Fort Collins 1 - Santa Anna 2 |
BOTTOM OF THE 7TH |
Santa Anna Dukes batting - Pitching for Fort Collins Commoners : RHP Jorge Sierra
|
Pitching: LHP John Smith
|
|
Now in RF: Edgardo Morales
|
|
Batting: RHB Allen Barlow
|
0-0: Fly out, F8 (Flyball, 8LD)
|
Batting: RHB Ken Pérez
|
0-0: Ball 1-0: Swinging Strike 1-1: Called Strike 1-2: Foul Ball, location: 2F 1-2: Fly out, F6 (Popup, 6MD)
|
Batting: RHB George Lutz
|
0-0: Ball 1-0: Ground out 6-3 (Groundball, 6)
|
Bottom of the 7th over - 0 run(s), 0 hit(s), 0 error(s), 0 left on base; Fort Collins 1 - Santa Anna 2 |
TOP OF THE 8TH |
Fort Collins Commoners batting - Pitching for Santa Anna Dukes : RHP Randy Rivera
|
Pitching: RHP Christian Coleman
|
|
Batting: RHB Edgardo Morales
|
0-0: Ball 1-0: Ball 2-0: Foul Ball, location: 2F 2-1: SINGLE (Line Drive, 4MD)
|
Pinch Runner at 1st Tommy Dawson:
|
|
Batting: RHB Art Cornell
|
0-0: Called Strike 0-1: Sac Bunt - play at first, batter OUT! U3 Tommy Dawson to second
|
Batting: RHB Nick McIntyre
|
0-0: Ball 1-0: Ball 2-0: Called Strike 2-1: Foul Ball, location: 2F 2-2: Ball 3-2: Strikes out looking
|
Batting: RHB Jonathan Jackson
|
0-0: Called Strike 0-1: Swinging Strike 0-2: Ball 1-2: Strikes out swinging
|
Top of the 8th over - 0 run(s), 1 hit(s), 0 error(s), 1 left on base; Fort Collins 1 - Santa Anna 2 |
BOTTOM OF THE 8TH |
Santa Anna Dukes batting - Pitching for Fort Collins Commoners : LHP John Smith
|
Now in RF: Ismael Rodríguez
|
|
Batting: RHB Jesús Velásquez
|
0-0: Called Strike 0-1: Fly out, F9 (Flyball, 89M)
|
Batting: RHB Amdre Casse
|
0-0: Swinging Strike 0-1: Ball 1-1: Called Strike 1-2: Ball 2-2: Strikes out swinging
|
Batting: RHB Alberto Morín
|
0-0: Ball 1-0: Swinging Strike 1-1: Swinging Strike 1-2: Ball 2-2: Ball 3-2: Strikes out swinging
|
Bottom of the 8th over - 0 run(s), 0 hit(s), 0 error(s), 0 left on base; Fort Collins 1 - Santa Anna 2 |
TOP OF THE 9TH |
Fort Collins Commoners batting - Pitching for Santa Anna Dukes : RHP Christian Coleman
|
Pitching: LHP Ron Sosa
|
|
Pinch Hitting: RHB Sherman Cummings
|
0-0: Ball 1-0: Reached on error, E5 (Groundball, 5S)
|
Pinch Runner at 1st Javier Contreras:
|
|
Pinch Hitting: RHB Silas Small
|
0-0: Ball 1-0: Swinging Strike 1-1: Foul Ball, location: 2F 1-2: Strikes out swinging
|
Batting: RHB Matt Cole
|
0-0: Fly out, F4 (Popup, 4D)
|
Batting: RHB Edward Green
|
0-0: Called Strike 0-1: Ball 1-1: Foul Ball, location: 2F 1-2: Foul Ball, location: 2F 1-2: Fly out, F8 (Flyball, 8RM)
|
Top of the 9th over - 0 run(s), 0 hit(s), 1 error(s), 1 left on base; Fort Collins 1 - Santa Anna 2 |
|